 Dungeon Crawl Stone Soup version 0.24-a0-486-ged8816983f (webtiles) character file.

Game seed: 14710043058402270685

57 pk666 the Magician (level 3, 0/19 HPs)
             Began as a Deep Elf Wizard on July 9, 2019.
             Killed from afar by Sigmund (7 damage)
             ... with a magic dart
             ... on level 3 of the Dungeon.
             The game lasted 00:03:20 (2436 turns).

pk666 the Magician (Deep Elf Wizard)                Turns: 2436, Time: 00:03:20

Health: 0/19       AC:  3    Str:  4    XL:     3   Next: 73%
Magic:  4/11       EV: 13    Int: 23    God:
Gold:   148        SH:  0    Dex: 13    Spells: 3/12 levels left

rFire    . . .     SeeInvis .   g - +0 dagger
rCold    . . .     Gourm    .   (no shield)
rNeg     . . .     Faith    .   a - +0 robe
rPois    .         Spirit   .   b - +0 hat
rElec    .         Reflect  .   (no cloak)
rCorr    .         Harm     .   (no gloves)
MR       .....                  k - +0 pair of boots
Stlth    +.........             (no amulet)
HPRegen  0.06/turn              (no ring)
MPRegen  0.12/turn              (no ring)

@: confused
A: no striking features
a: no special abilities


You were on level 3 of the Dungeon.
You were hungry.

You visited 1 branch of the dungeon, and saw 3 of its levels.

You collected 148 gold pieces.

Inventory:

Hand Weapons
 g - a +0 dagger (weapon)
Armour
 a - a +0 robe (worn)
 b - a +0 hat (worn)
 k - a +0 pair of boots (worn)
Scrolls
 c - 3 scrolls of amnesia {unknown}
 e - 2 scrolls of teleportation {unknown}
 h - 4 scrolls of identify {unknown}
 i - a scroll of fog {unknown}
 j - 2 scrolls of remove curse {unknown}
 l - a scroll of enchant armour {unknown}
Potions
 f - 3 potions of curing {unknown}
 n - a potion of ambrosia {unknown}
Comestibles
 d - 7 rations
 m - 2 chunks of flesh


   Skills:
 - Level 3.1 Dodging
 - Level 2.4 Stealth
 + Level 5.1 Spellcasting
 + Level 2.2 Conjurations
   Level 1.1 Summonings
 + Level 1.3 Translocations
 + Level 0.5 Fire Magic
 + Level 0.4 Air Magic
 + Level 0.7 Poison Magic


You had 3 spell levels left.
You knew the following spells:

 Your Spells              Type           Power        Failure   Level  Hunger
a - Magic Dart            Conj           ###.         3%          1    None
b - Blink                 Tloc           N/A          9%          2    None
c - Conjure Flame         Conj/Fire      ##......     16%         3    ##.....
d - Mephitic Cloud        Conj/Pois/Air  ##......     19%         3    ##.....

Your spell library contained the following spells:

 Spells                   Type           Power        Failure   Level  Hunger
 Call Imp                 Summ           ##......     9%          2    None
 Slow                     Hex            #.......     14%         2    None


Dungeon Overview and Level Annotations

Branches:
Dungeon (3/15)

Altars:
Elyvilon
Okawaru

Annotations:
D:3 Sigmund


Message History

Casting: Conjure Flame (safe; 16% risk of failure)
Confirm with . or Enter, or press ? or * to list all spells.
You can't see any susceptible monsters within range! (Use Z to cast anyway.)
Casting: Conjure Flame (safe; 16% risk of failure)
Confirm with . or Enter, or press ? or * to list all spells.
Aiming: Mephitic Cloud (safe; 19% risk of failure)
Press: ? - help, Shift-Dir - straight line The ball explodes into a vile cloud!
You start resting.
You are feeling hungry.
You start resting.
Something hits you.
You hear some strange, mumbled words.
You are confused.
You bump into the rock wall.
You're too confused to move!
You're too confused to move!
A magic dart appears from out of thin air!
The magic dart hits you!
You die...

### ####..
####.###.##.# #
#.l([@....#.# ##.#
.....###.##.##.....
#l# #.##... ..
#.##.##.##.#
#{○.@......# #
####.#####.# .##
####.......# ...
#.......#####.#
#.......# #... ..
#.......###.### #.#
#).....)......#....
#.......###...#÷.#
#.......# #......##


There were no monsters in sight!

Vanquished Creatures
  An ooze (D:2)
  A worm (D:3)
  2 leopard geckos (D:1)
  3 orcs (D:3)
  2 giant cockroaches
  5 goblins
  7 hobgoblins
  6 jackals (D:1)
  3 bats
  4 frilled lizards
  2 kobolds (D:2)
  6 rats
42 creatures vanquished.

Notes
Turn   | Place    | Note
-------+----------+-------------------------------------------
     0 | D:1      | pk666 the Deep Elf Wizard began the quest for the Orb.
     0 | D:1      | Reached XP level 1. HP: 10/10 MP: 7/7
   247 | D:1      | Reached XP level 2. HP: 15/15 MP: 2/9
   929 | D:1      | Reached skill level 5 in Spellcasting
  1054 | D:1      | Reached XP level 3. HP: 19/19 MP: 8/11
  1062 | D:1      | Learned a level 2 spell: Blink
  1066 | D:1      | Learned a level 3 spell: Conjure Flame
  1070 | D:1      | Learned a level 3 spell: Mephitic Cloud
  1687 | D:2      | Found an iron altar of Okawaru.
  1958 | D:2      | Found a white marble altar of Elyvilon.
  2411 | D:3      | Noticed Sigmund
  2436 | D:3      | Killed from afar by Sigmund

Levels and vault maps discovered:
D:1:      saegor_arrival_simple_e, layout_loops_ring
D:2:      layout_basic, okawaru_ov_weapons_minmay, lemuel_round_altar
D:3:      layout_loops_cross, uniq_ijyb, uniq_sigmund

Skill      XL: |  1  2 |
---------------+-------+-----
Dodging        | 3 |  3.1
Conjurations   | 2 |  2.2
Spellcasting   | 5 |  5.1
Stealth        | |  2.4
Summonings     | |  1.1
Translocations | |  1.3
Fire Magic     | |  0.5
Air Magic      | |  0.4
Poison Magic   | |  0.7

Action                   || total
-------------------------++-------
Melee: Dagger            ||     7
 Cast: Magic Dart        ||   107
       Conjure Flame     ||     2
       Mephitic Cloud    ||     1
  Eat: Chunk             ||     4
Armor: Robe              ||     5
Dodge: Dodged            ||    17

Table legend:
 A = Non-vault XP
 B = Vault XP
 C = Vault XP percentage of total XP
 D = Non-vault monster count
 E = Vault monster count
 F = Vault count percentage of total count
                 A         B        C        D         E       F
            +---------+---------+-------+---------+---------+-------
      Total |      82 |       0 |   0.0 |      42 |       0 |   0.0
            +---------+---------+-------+---------+---------+-------
        D:1 |      45 |       0 |   0.0 |      24 |       0 |   0.0
        D:2 |      18 |       0 |   0.0 |      10 |       0 |   0.0
        D:3 |      19 |       0 |   0.0 |       8 |       0 |   0.0
            +---------+---------+-------+---------+---------+-------
